 Dungeon Crawl Stone Soup version 0.28.0-53-g5a82cb258f (webtiles) character file.

Game seed: 16232093874022558162

418 Toogi the Chopper (level 6, -1/56 HPs)
             Began as a Hill Orc Monk on Aug 20, 2022.
             Was an Initiate of Yredelemnul.
             Succumbed to a scorpion's poison
             ... on level 5 of the Dungeon.
             The game lasted 00:10:23 (6267 turns).

Toogi the Chopper (Hill Orc Monk)                   Turns: 6267, Time: 00:10:24

Health: -1/56      AC:  5    Str: 14 (16) XL:     6   Next: 93%
Magic:  8/8        EV: 12    Int: 10 (12) God:    Yredelemnul [......]
Gold:   229        SH:  0    Dex: 14 (17) Spells: 5/5 levels left

rFire   . . .      SeeInvis .   a - +0 hand axe
rCold   . . .      Faith    .   (no shield)
rNeg    + . .      Spirit   .   j - +0 leather armour
rPois   .          Reflect  .   (no helmet)
rElec   .          Harm     .   (no cloak)
rCorr   .          Rampage  .   e - +0 pair of gloves
Will    .....                   u - +0 pair of boots
Stlth   +++.......              (no amulet)
HPRegen 0.18/turn               h - ring of positive energy
MPRegen 0.11/turn               (no ring)

@: lethally poisoned (-1 -> -12)
A: hooves 1, thin skeletal structure 1, agile 1, clever 1
a: Renounce Religion, Recall Undead Harvest


You were on level 5 of the Dungeon.
You worshipped Yredelemnul.
Yredelemnul was noncommittal.
You visited 2 branches of the dungeon, and saw 6 of its levels.

You collected 229 gold pieces.

Inventory:

Hand Weapons
 a - a +0 hand axe (weapon)
Missiles
 c - 2 atropa-tipped darts (quivered)
Armour
 e - a +0 pair of gloves (worn)
 j - a +0 leather armour (worn)
 u - a +0 pair of boots (worn)
Jewellery
 h - a ring of positive energy (left hand)
Scrolls
 b - a scroll of fear {unknown}
 d - a scroll of identify {unknown}
 f - a scroll of enchant weapon {unknown}
 g - a scroll of torment {unknown}
 i - 2 scrolls of teleportation
 k - a scroll of vulnerability {unknown}
 m - a scroll of enchant armour {unknown}
 n - a scroll of noise {unknown}
 p - a scroll of immolation {unknown}
 r - a scroll of fog {unknown}
Potions
 l - a potion of lignification
 q - a potion of might {unknown}
 s - a potion of flight


   Skills:
 + Level 5.5 Fighting
 + Level 6.1 Axes
 + Level 3.6 Armour
 - Level 3.0 Dodging
 - Level 1.5 Stealth
 + Level 2.9 Invocations


You had 5 spell levels left.
You didn't know any spells.
Your spell library was empty.

Dungeon Overview and Level Annotations

Branches:
Dungeon (5/15)             Temple (1/1) D:4

Altars:
Ashenzari
Cheibriados
Dithmenos
Elyvilon
Fedhas
Kikubaaqudgha
Makhleb
Nemelex Xobeh
Sif Muna
Uskayaw
Vehumet
Wu Jian
Xom
Yredelemnul

Shops:
D:1 [   D:5 (

Annotations:
D:5 exclusion: steam dragon


Innate Abilities, Weirdness & Mutations

You have large cloven feet.
You have a somewhat thin skeletal structure. (Dex +2, Stealth+)
You are agile. (Dex +2)
Your mind is acute. (Int +2)


Message History

Your hound zombie bites the scorpion but does no damage.
You hit the scorpion.
The scorpion is severely wounded.
* * * LOW HITPOINT WARNING * * *
You feel very sick.
The scorpion stings you but does no damage.
Your hound zombie closely misses the scorpion.
Your quokka zombie barely misses the scorpion.
Really quaff the potion of lignification?
Okay, then.
You hit the scorpion but do no damage.
The scorpion is severely wounded.
* * * LOW HITPOINT WARNING * * *
You feel very sick. The scorpion stings you.
* * * LOW HITPOINT WARNING * * *
Your hound zombie barely misses the scorpion.
The scorpion misses you.
Your quokka zombie barely misses the scorpion.
You hit the scorpion but do no damage.
The scorpion is severely wounded.
* * * LOW HITPOINT WARNING * * *
You feel very sick.
Your hound zombie completely misses the scorpion.
The scorpion closely misses you.
Your quokka zombie barely misses the scorpion.
It was a potion of degeneration.
There was something very wrong with that liquid.
You feel weakened.
You feel dopey.
You feel clumsy.
* * * LOW HITPOINT WARNING * * *
You feel very sick.
Your hound zombie bites the scorpion but does no damage.
The scorpion misses you.
Your hound zombie barely misses the scorpion.
Your quokka zombie bites the scorpion.
It was a potion of mutation.
You feel extremely strange.
You feel agile.
Your feet thicken and deform.
Your bones become slightly less dense.
You feel clever.
You die...
Your body rises from the dead as a mindless zombie.

.............#.####...# #.#
########..####....#...# #.#
...........# #.##h#...# #.#
#####'##...# #.##.###.# #Z#
....#.##...# #.##.....#####.#
....#.##...# #.#####..#.....#
....#∩##...# #.###.#..##.####
....≈.#....###.....#.....#
....≈.#....#..Zs@..##.#..#####
....#>##......Z######.#......#
....#.##..##.#.#..Z...######.#
....#Z##..##.#.#.###### #Z##
....#Z###.##.#.#.# #..#
......# #.##.#.#.# ##.#
....### #.##.##### #.# #####
#.##.# #.# #.##.## ♣♣♣ #.#


You could see a scorpion (ally target), a friendly quokka zombie and a friendly
hound zombie.

Vanquished Creatures
  A scorpion (D:5)
  A bullfrog zombie (D:5)
  2 hounds (D:5)
  An iguana (D:5)
  4 adders
  An ufetubus (D:4)
  A worm (D:2)
  9 bats
  7 endoplasms
  5 giant cockroaches
  9 goblins
  5 hobgoblins
  2 jackals (D:1)
  3 quokkas
  8 ball pythons
  2 frilled lizards
  6 kobolds
  7 rats
74 creatures vanquished.

Vanquished Creatures (collateral kills)
  A black bear (D:5)
  An iguana (D:4)
  A howler monkey skeleton (D:4)
  A goblin (D:4)
4 creatures vanquished.

Vanquished Creatures (others)
  6 fungi (D:5)
  6 plants
12 creatures vanquished.

Grand Total: 90 creatures vanquished

Notes
Turn   | Place    | Note
-------+----------+-------------------------------------------
     0 | D:1      | Toogi the Hill Orc Monk began the quest for the Orb.
     0 | D:1      | Reached XP level 1. HP: 19/19 MP: 1/1
   120 | D:1      | Reached XP level 2. HP: 20/27 MP: 2/2
   312 | D:1      | Reached skill level 1 in Armour
   342 | D:1      | Found Imeg's Antique Armour Shoppe.
   759 | D:1      | Reached XP level 3. HP: 28/33 MP: 3/3
  1199 | D:2      | Found a radiant altar of Vehumet.
  1823 | D:2      | Found a faded altar of an unknown god.
  1840 | D:2      | Reached XP level 4. HP: 34/40 MP: 4/4
  2720 | D:3      | Found a shadowy altar of Dithmenos.
  2735 | D:3      | Noticed a water moccasin
  2787 | D:3      | Found a shimmering blue altar of Sif Muna.
  3158 | D:4      | Found a staircase to the Ecumenical Temple.
  3170 | Temple   | Entered the Ecumenical Temple
  3232 | Temple   | Became a worshipper of Yredelemnul the Dark
  3232 | Temple   | Reached * piety under Yredelemnul
  3232 | Temple   | Reached ** piety under Yredelemnul
  3552 | D:4      | Reached skill level 5 in Axes
  3659 | D:4      | Reached XP level 5. HP: 20/47 MP: 5/5
  4483 | D:5      | Entered Level 5 of the Dungeon
  4500 | D:5      | Reached skill level 1 in Invocations
  4768 | D:5      | Noticed a black bear
  5013 | D:5      | Reached skill level 5 in Fighting
  5013 | D:5      | Reached XP level 6. HP: 7/56 MP: 7/7
  5016 | D:5      | HP: 4/84 [poisoned by a scorpion]
  5653 | D:5      | Found a blossoming altar of Fedhas.
  5728 | D:5      | Found Eraonar's Weapon Emporium.
  5806 | D:5      | Found a broken altar of Ashenzari.
  5861 | D:5      | Noticed a steam dragon
  6020 | D:5      | Found a snail-covered altar of Cheibriados.
  6030 | D:5      | Noticed a black bear
  6040 | D:5      | Killed a black bear
  6041 | D:5      | Reached skill level 6 in Axes
  6266 | D:5      | HP: 2/56 [poisoned by a scorpion]
  6267 | D:5      | Gained mutation: You are agile. (Dex +2) [potion of
                  | mutation]
  6267 | D:5      | Gained mutation: You have large cloven feet. [potion of
                  | mutation]
  6267 | D:5      | Gained mutation: You have a somewhat thin skeletal
                  | structure. (Dex +2, Stealth+) [potion of mutation]
  6267 | D:5      | Gained mutation: Your mind is acute. (Int +2) [potion of
                  | mutation]
  6267 | D:5      | Succumbed to a scorpion's poison

Illustrated notes

Levels and vault maps discovered:
D:1:      dpeg_arrival_windows_large_door, layout_loops_ring, serial_shops,
          shop_fountains, minmay_tetromino_l4
D:2:      kennysheep_big_flooded_room, layout_basic, serial_glass,
          glass_columns_b, glass_columns_a, minmay_strange_pillars,
          feat_on_display, chequers_ecumenical_altar_simple_redux, basic_altar
D:3:      layout_basic, mainiacjoe_overflow_cross_hatched,
          lemuel_blue_sif_altar, nicolae_qazlal_scattered_showers
D:4:      layout_cave_pods, minmay_temple_entry_grid, minmay_starry_boxes
D:5:      layout_basic, mainiacjoe_overflow_boulevard,
          nicolae_ashenzari_panopticon, fedhas_altar_4, serial_shops,
          nicolae_shop_hallway_stairs
Temple:   jpeg_temple_island

Skill      XL: |  1  2  3  4  5  6 |
---------------+-------------------+-----
Armour         | 1 2 3 |  3.6
Fighting       | 4 5 |  5.5
Dodging        | 3 |  3.0
Axes           | 5 6 |  6.1
Invocations    | 2 |  2.9
Stealth        | |  1.5

Action                   |  1- 3 |  4- 6 || total
-------------------------+-------+-------++-------
Melee: Hand axe          |   140 |   161 ||   301
       Punch             |     1 |     3 ||     4
  Use: Potion            |       |     7 ||     7
       Scroll            |       |     1 ||     1
 Stab: Sleeping          |     4 |     2 ||     6
Armor: Robe              |    33 |       ||    33
       Leather armour    |       |    38 ||    38
       Skin              |       |     2 ||     2
Dodge: Dodged            |    82 |   123 ||   205
